 Dungeon Sprint DCSS version bcrawl-1.19.1 (webtiles) character file.

Game seed: 17800222737080545145

347 Freyura the Carver (level 6, -7/60 HPs)
             Began as a Minotaur Fighter on Dec 10, 2019.
             Was a Follower of the Shining One.
             Mangled by a troll (11 damage)
             ... in the Dungeon (Sprint IX: "|||||||||||||||||||||||||||||").
             The game lasted 00:02:05 (176 turns).

Freyura the Carver (Minotaur Fighter)                Turns: 176, Time: 00:02:06

Health: -7/60      AC:  4    Str: 27    XL:     6   Next: 33%
Magic:  4/7        EV: 11    Int:  5    God:    the Shining One [*.....]
Gold:   0          SH: 13    Dex: 11    Spells: 5/5 levels left

rFire    . . .     SeeInvis .   p - +2 scimitar (holy)
rCold    . . .     Gourm    .   c - +0 shield
rNeg     . . .     Faith    .   b - +0 scale mail
rPois    .         Spirit   .   (helmet restricted)
rElec    .         Reflect  .   (no cloak)
rCorr    .         Harm     .   (no gloves)
MR       .....     NoTele   +   (no boots)
Stlth    ..........             (no amulet)
HPRegen  0.20/turn              r - +3 ring of strength
MPRegen  0.10/turn              s - +3 ring of strength

@: corroded, glowing
A: retaliatory headbutt, horns 2
a: Renounce Religion


You were in the Dungeon.
You worshipped the Shining One.
The Shining One was aware of your devotion.
You were not hungry.

You visited 1 branch

Inventory:

Hand Weapons
 a - a +0 long sword
 o - the +4 quarterstaff "Qedotziu" {crush, rPois Str+5}
   (You found it in the Dungeon)

   It inflicts extra damage upon your enemies.
   It affects your strength (+5).
   It protects you from poison.
 p - a +2 scimitar of holy wrath (weapon)
Armour
 b - a +0 scale mail (worn)
 c - a +0 shield (worn)
 q - a +0 pair of gloves
Jewellery
 r - a +3 ring of strength (left hand)
 s - a +3 ring of strength (right hand)
Wands
 n - a wand of acid (10)
Scrolls
 k - 2 scrolls of blinking
 l - 3 scrolls of remove curse
 m - 2 scrolls of amnesia
Potions
 d - a potion of might
 e - 5 potions of curing
 g - 2 potions of heal wounds
 h - a potion of haste
 i - 4 potions of magic
 j - a potion of berserk rage
Comestibles
 f - a ration {!d}


   Skills:
 + Level 7.2 Fighting
 * Level 9.3 Long Blades
 + Level 7.4 Armour
 + Level 5.5 Dodging
 + Level 7.2 Shields
 + Level 3.7 Invocations


You had 5 spell levels left.
You didn't know any spells.
Your spell library was empty.

Dungeon Overview and Level Annotations

Branches:
Dungeon (1/1)

Altars:
Cheibriados
Dithmenos
Elyvilon
Fedhas
Gozag
Hepliaklqana
Kikubaaqudgha
Lugonu
Makhleb
Nemelex Xobeh
Okawaru
Qazlal
Ru
Sif Muna
Trog
Uskayaw
Vehumet
Wu Jian
Xom
Yredelemnul
Zin
The Shining One
Beogh
Jiyva


Innate Abilities, Weirdness & Mutations

You reflexively headbutt those who attack you in melee.
You have a pair of horns on your head.


Message History

The worker ant is moderately wounded.
You block the worker ant's attack. x2
You hit the worker ant.
The worker ant is heavily wounded.
The worker ant barely misses you.
You hit the worker ant but do no damage.
The worker ant is heavily wounded.
You block the worker ant's attack.
You slice the worker ant!!
You kill the worker ant!
You closely miss the troll.
You headbutt the troll, but do no damage.
The troll bites you!
* * * LOW HITPOINT WARNING * * *
You block the troll's attack. The troll claws you!
* * * LOW HITPOINT WARNING * * *
You slash the troll!
The troll is moderately wounded.
The troll bites you!
You die... ▓▓▓▓▓▓▓▓▓▓▓▓▓▓▓▓▓▓▓▓▓▓▓▓ ______'!.|).[[..@To....+ ▓▓▓▓▓▓▓▓▓▓▓▓▓▓▓▓▓▓▓▓▓▓▓▓

You could see a troll and an orc.

Vanquished Creatures
  An acid dragon (D)
  A crocodile (D)
  A wight (D)
  A howler monkey (D)
  An orc wizard (D)
  A worker ant (D)
  An orc (D)
  A bat (D)
  A giant cockroach (D)
  2 frilled lizards (D)
  A giant cockroach zombie (D)
  2 rats (D)
14 creatures vanquished.

Notes
Turn   | Place    | Note
-------+----------+-------------------------------------------
     0 | D        | Freyura the Minotaur Fighter began the quest for the Orb.
     0 | D        | Reached XP level 1. HP: 19/19 MP: 0/0
     9 | D        | Reached skill level 3 in Long Blades
    13 | D        | Reached skill level 1 in Dodging
    20 | D        | Noticed a wight
    20 | D        | Noticed a howler monkey
    28 | D        | Killed a wight
    28 | D        | Reached skill level 5 in Long Blades
    28 | D        | Reached XP level 2. HP: 22/28 MP: 1/1
    28 | D        | Reached XP level 3. HP: 27/35 MP: 2/2
    34 | D        | Reached skill level 5 in Fighting
    34 | D        | Reached skill level 6 in Long Blades
    34 | D        | Reached skill level 5 in Armour
    34 | D        | Reached skill level 5 in Shields
    34 | D        | Reached XP level 4. HP: 28/42 MP: 3/3
    48 | D        | Found a roughly hewn altar of Beogh.
    48 | D        | Found a snail-covered altar of Cheibriados.
    48 | D        | Found a shadowy altar of Dithmenos.
    48 | D        | Found a white marble altar of Elyvilon.
    48 | D        | Found a blossoming altar of Fedhas.
    48 | D        | Found an opulent altar of Gozag.
    49 | D        | Found a hazy altar of Hepliaklqana.
    50 | D        | Found a viscous altar of Jiyva.
    51 | D        | Found an ancient bone altar of Kikubaaqudgha.
    52 | D        | Found a corrupted altar of Lugonu.
    53 | D        | Found a burning altar of Makhleb.
    54 | D        | Found a sparkling altar of Nemelex Xobeh.
    55 | D        | Found an iron altar of Okawaru.
    56 | D        | Found a stormy altar of Qazlal.
    57 | D        | Found a sacrificial altar of Ru.
    58 | D        | Found a shimmering blue altar of Sif Muna.
    59 | D        | Found a bloodstained altar of Trog.
    60 | D        | Found a hide-covered altar of Uskayaw.
    61 | D        | Found a radiant altar of Vehumet.
    62 | D        | Found an ornate altar of the Wu Jian Council.
    63 | D        | Found a shimmering altar of Xom.
    64 | D        | Found a basalt altar of Yredelemnul.
    65 | D        | Found a glowing silver altar of Zin.
    66 | D        | Found a glowing golden altar of the Shining One.
    74 | D        | Became a worshipper of the Shining One
    84 | D        | Got the +4 quarterstaff "Qedotziu" {crush, rPois Str+5}
   162 | D        | Noticed a crocodile
   162 | D        | Noticed an acid dragon
   162 | D        | Reached * piety under the Shining One
   162 | D        | Noticed a troll
   165 | D        | Killed a crocodile
   165 | D        | Reached skill level 8 in Long Blades
   165 | D        | Reached XP level 5. HP: 48/51 MP: 3/5
   170 | D        | Killed an acid dragon
   170 | D        | Reached skill level 9 in Long Blades
   170 | D        | Reached skill level 5 in Dodging
   170 | D        | Reached XP level 6. HP: 22/60 MP: 3/7
   176 | D        | Mangled by a troll

Skill      XL: |  1  2  3  4  5 |
---------------+----------------+-----
Long Blades    | 5 6 8 9 |  9.3
Dodging        | 2 3 4 5 |  5.5
Armour         | 4 5 6 7 |  7.4
Fighting       | 4 5 6 7 |  7.2
Shields        | 4 5 6 7 |  7.2
Invocations    | 2 3 |  3.7

Action                   |  1- 3 |  4- 6 || total
-------------------------+-------+-------++-------
Melee: Long sword        |    23 |     7 ||    30
       Headbutt          |     6 |     3 ||     9
       Scimitar          |       |    13 ||    13
  Use: Potion            |     1 |       ||     1
Armor: Scale mail        |     6 |     2 ||     8
Dodge: Dodged            |     7 |     2 ||     9
Block: Shield            |     3 |    10 ||    13
